 Dungeon Crawl Stone Soup version 0.19.4-9-g45fd643 (webtiles) character file.

58 vatarom the Ducker (level 3, -1/18 HPs)
             Began as a Felid Monk on Feb 15, 2017.
             Slain by Terence
             ... wielding a +0 trident
              (5 damage)
             ... on level 3 of the Dungeon.
             The game lasted 00:04:43 (2393 turns).

vatarom the Ducker (Felid Monk)                     Turns: 2393, Time: 00:04:44

Health: -1/18      AC:  1    Str:  8    XL:     3   Next: 76%
Magic:  13/13      EV: 20    Int: 11    God:
Gold:   90         SH:  0    Dex: 18    Spells: 0 memorised, 2 levels left
                                        Lives:  0   Deaths: 1

rFire  . . .     SeeInvis +       - Unarmed
rCold  . . .     Gourm    .     (armour unavailable)
rNeg   . . .     Faith    .     (shield unavailable)
rPois  .         Spirit   .     (helmet unavailable)
rElec  .         Reflect  .     (cloak unavailable)
rCorr  .         Harm     .     (gloves unavailable)
MR     .....     Rnd*Tele +     (boots unavailable)
Stlth  +++.......               (no amulet)
                                h - ring of teleportation (curse)
                                b - ring of magical power

@: quick
A: no armour, no weapons or thrown items, stealth, claws 1, fangs 3, see
invisible, carnivore 3, speed 1, shaggy fur 1, slow metabolism 1, sharp paws
a: no special abilities


You were on level 3 of the Dungeon.
You were full.

You visited 1 branch of the dungeon, and saw 3 of its levels.

You collected 90 gold pieces.

Inventory:

Jewellery
 b - a ring of magical power (left paw)
 h - a cursed ring of teleportation (right paw)
Scrolls
 c - a scroll of recharging
 d - a scroll of identify
Potions
 e - 2 potions of brilliance
Books
 g - a book of Cantrips

   Spells                             Type                      Level
   a - Confusing Touch                Hexes                        1
   b - Animate Skeleton               Necromancy                   1
   c - Summon Small Mammal            Summoning                    1
   d - Apportation                    Translocation                1
Comestibles
 a - 2 meat rations
 f - a royal jelly


   Skills:
 - Level 4.2 Fighting
 - Level 4.7 Dodging
 - Level 4.2 Stealth
 + Level 3.4 Unarmed Combat


You had 2 spell levels left.
You didn't know any spells.

Dungeon Overview and Level Annotations

Branches:
Dungeon (3/15)

Altars:

Annotations:
D:3 Sigmund, Terence


Innate Abilities, Weirdness & Mutations

You cannot wear armour.
You are incapable of wielding weapons or throwing items.
Your paws allow you to move quietly. (Stealth)
You have sharp claws.
You have razor-sharp teeth.
You have supernaturally acute eyesight. (SInv)
You are carnivorous and can eat meat at any time.
You cover ground quickly.
You are covered in fur. (AC +1)
You have a slow metabolism.
Your sharp claws are effective at attacking unaware monsters.


Message History

You scratch Sigmund but do no damage.
Sigmund is moderately wounded.
The bat hits you. Sigmund hits you with a scythe. Terence barely misses you.
The goblin barely misses you.
Unknown command.
You scratch the kobold.
You kill the kobold!
The bat misses you. Terence completely misses you.
Sigmund completely misses you. The goblin barely misses you.
Terence misses you.
You see here 14 gold pieces.
The bat hits you.
* * * LOW HITPOINT WARNING * * *
The goblin hits you with a dagger.
* * * LOW HITPOINT WARNING * * *
Sigmund barely misses you.
Unknown command.
The bat misses you.
Terence hits you from afar with a trident.
You die...

##..# *##.## .##.K# ############
.###@## #...K.@)...# .# #..#
#.########@# ########
.####(####.#..†.b...# #.......
.#....@....#.#############......)
.#.##...####.##### #...##.......
.#.##...##.....b@####...##.......
............<.@.....%............
.....##..#.....g$#.#.............
.(...###.#.....@.#.#.............
.....#**........%#.#............#
........#........#.##############
........#........#.#
#...K......#######.#
#####......,* #.#


You could see Sigmund (invisible), Terence, a goblin and a bat.

Vanquished Creatures
  5 adders
  3 worms (D:2)
  4 dart slugs
  A leopard gecko (D:1)
  2 giant cockroaches
  5 goblins
  7 hobgoblins
  3 jackals (D:2)
  4 bats
  3 frilled lizards
  4 kobolds
  9 rats
50 creatures vanquished.

Notes
Turn   | Place    | Note
-------+----------+-------------------------------------------
     0 | D:1      | vatarom the Felid Monk began the quest for the Orb.
     0 | D:1      | Reached XP level 1. HP: 10/10 MP: 2/2
    85 | D:1      | Reached XP level 2. HP: 14/14 MP: 3/3
   875 | D:2      | Reached XP level 3. HP: 15/17 MP: 4/4
  1452 | D:2      | Reached XP level 4. HP: 14/22 MP: 5/5
  2187 | D:3      | Noticed Terence
  2227 | D:3      | HP: 1/22 [Terence/trident (6)]
  2248 | D:3      | HP: 1/22 [bat (1)]
  2253 | D:3      | Slain by a bat
  2254 | D:3      | Reached XP level 3. HP: 0/18 MP: 13/13
  2379 | D:3      | Noticed Sigmund
  2393 | D:3      | Slain by Terence

Skill      XL: |  1  2  3 |
---------------+----------+-----
Stealth        | 3 4 |  4.2
Fighting       | 4 |  4.2
Dodging        | |  4.7
Unarmed Combat | |  3.4

Action                   |  1- 3 |  4- 6 || total
-------------------------+-------+-------++-------
Melee: Unarmed           |   128 |    55 ||   183
       Bite              |    18 |     2 ||    20
  Use: Scroll            |     8 |       ||     8
       Potion            |     3 |       ||     3
 Stab: Sleeping          |    11 |     2 ||    13
       Distracted        |     1 |       ||     1
  Eat: Chunk             |    10 |     2 ||    12
Armor: Skin              |     5 |     8 ||    13
Dodge: Dodged            |   119 |    89 ||   208
